 Dungeon Crawl Stone Soup version 0.17-a0-435-gc4df345 (webtiles) character file.

895 krae the Chopper (level 7, -16/61 HPs)
             Began as a Deep Dwarf Fighter on Apr 4, 2015.
             Killed from afar by a deep elf mage (24 damage)
             ... with an orb of energy
             ... in a bailey.
             The game lasted 00:09:29 (1270 turns).

krae the Chopper (Deep Dwarf Fighter)               Turns: 1270, Time: 00:09:30

Health: -16/61     AC: 11    Str: 19    XL:     7   Next: 78%
Magic:  6/6        EV:  9    Int:  9    God:
Gold:   119        SH:  9    Dex: 14    Spells: 0 memorised, 6 levels left

rFire  . . .     SeeInvis .     a - +0 war axe
rCold  . . .     Clarity  .     b - +0 scale mail
rNeg   . . .     SustAb   .     c - +0 shield
rPois  .         Gourm    .     (no helmet)
rElec  .         Spirit   .     (no cloak)
rCorr  .         Warding  .     p - +0 pair of gloves
rMut   .         Stasis   .     n - +1 pair of boots
MR     +....                    (no amulet)
Stlth  ..........               (no ring)
                                (no ring)

@: very slightly contaminated, non-regenerating, invisible, somewhat resistant
to hostile enchantments, extremely unstealthy
A: damage resistance, recharge devices, sense surroundings 1, slow healing 3
a: Device Recharging


You were in a bailey.
You were not hungry.

You visited 1 branch of the dungeon, and saw 7 of its levels.
You also visited: Bailey.

You collected 119 gold pieces.


Innate Abilities, Weirdness & Mutations

You are resistant to damage.
You can recharge devices by infusing magical energy.
You passively map a small area around you.
You do not heal naturally.


   Skills:
 - Level 2.6 Fighting
 + Level 7.7 Axes
 + Level 5.5 Armour
 + Level 4.0 Dodging
 - Level 3.2 Shields


You had 6 spell levels left.
You didn't know any spells.

Inventory:

Hand weapons
 a - a +0 war axe (weapon)
 e - a +2 battleaxe
 s - the +0 mace of Springtime {holy, rElec rN+}
   (You found it on level 5 of the Dungeon)

   It has been blessed by the Shining One to cause great damage to the undead
   and demons.
   It insulates you from electricity.
   It protects you from negative energy.
Armour
 b - a +0 scale mail (worn)
 c - a +0 shield (worn)
 n - a +1 pair of boots (worn)
 p - a +0 pair of gloves (worn)
Magical devices
 d - a wand of heal wounds (2) {!d@v2}
 o - a wand of flame (16)
 q - a wand of paralysis (8)
 t - a wand of enslavement (16)
Scrolls
 g - a scroll of identify {@r1}
Potions
 v - a potion of flight
Comestibles
 f - 3 bread rations
 h - a beef jerky
 i - a chunk of flesh
 k - 2 meat rations

Dungeon Overview and Level Annotations

Branches:
Dungeon (7/15)
 Temple: D:4-7

Altars:
Gozag
Kikubaaqudgha

#.....#....#
##..!##....#
.######'##..#
##.e.###..)###
#..e..#.....#
,
,#.....#..∩..#
*
#.....#.....#
, #...##(...##
* #g#####
#.ee(#..e.#
#...e.*...e.#
*
#.....*.....#
*#..... .....#
##...#*#...##
* .### ###.
,,* ,


You could see 3 deep elf priests, a deep elf fighter and 3 deep elf magi.


Message History

The mystic blast hits the deep elf mage.
The deep elf fighter mumbles some strange words.
The deep elf fighter blinks!
The deep elf priest invokes the aid of its god against you.
Something smites you!
* * * LOW HITPOINT WARNING * * *
The deep elf priest hits you with a long sword.
* * * LOW HITPOINT WARNING * * *
The deep elf mage shouts!
Evoke which item? (* to show all) (? for menu, Esc to quit)
Zapping:
d - a wand of heal wounds (3) {!d@v2} You feel much better.
This wand has 2 charges left.
The deep elf mage hits you but does no damage.
You barely miss the deep elf mage.
The deep elf mage is almost dead.
The deep elf mage gestures wildly while chanting.
The deep elf mage blinks!
The deep elf priest unwields a long sword.
The deep elf priest wields a longbow.
The deep elf priest shoots an arrow of flame.
The arrow of flame barely misses you.
The deep elf fighter shoots an arrow.
You block the arrow.
The deep elf priest utters a dark prayer and points at you.
Your life force is offered up.
* * * LOW HITPOINT WARNING * * *
The deep elf mage is healed.
The deep elf priest is healed.
The deep elf priest is healed.
The deep elf mage is healed.
The deep elf mage gestures at you while chanting.
The orb of energy hits you!
You die...

Action                   |  1- 3 |  4- 6 |  7- 9 || total
-------------------------+-------+-------+-------++-------
Melee: War axe           |    59 |   137 |    82 ||   278
 Abil: Device Recharging |       |       |     1 ||     1
Evoke: Wand              |       |     3 |     7 ||    10
  Use: Scroll            |       |       |     7 ||     7
       Potion            |       |       |     2 ||     2
 Stab: Paralysed         |       |     2 |       ||     2
       Invisible         |       |       |     3 ||     3
  Eat: Chunk             |       |     1 |     1 ||     2

Vault maps used:
D:1:      onia_arrival_handbag, minmay_misc_feat_plants
D:2:      grunt_decor_mini_mirrors, st_stairs_11, elyvilon_altar_4
D:3:      nicolae_ru_awakened_eye, first_bread, okawaru_ov_weapons_minmay
D:4:      minmay_temple_entry_overgrown, minivault_11
D:5:      corexii_shack_village, lemuel_round_altar, nicolae_gozag_seed_capital
D:7:      serial_park_square1, good_gods_mini_temple, enter_bailey_3,
          corexii_hall_statues_s
Bailey:   bailey_polearm_3, bailey

Notes
Turn   | Place    | Note
--------------------------------------------------------------
     0 | D:1      | krae, the Deep Dwarf Fighter, began the quest for the Orb.
     0 | D:1      | Reached XP level 1. HP: 20/20 MP: 1/1
    86 | D:1      | Reached skill level 3 in Axes
   104 | D:1      | Reached XP level 2. HP: 24/27 MP: 2/2
   215 | D:3      | Reached skill level 4 in Axes
   215 | D:3      | Reached XP level 3. HP: 15/33 MP: 3/3
   266 | D:4      | Reached skill level 5 in Axes
   266 | D:4      | Reached XP level 4. HP: 9/40 MP: 4/4
   415 | D:5      | Entered Level 5 of the Dungeon
   424 | D:4      | Noticed an ogre
   432 | D:4      | Killed an ogre
   432 | D:4      | Reached skill level 6 in Axes
   432 | D:4      | Reached XP level 5. HP: 41/46 MP: 5/5
   472 | D:4      | Noticed a scorpion
   488 | D:4      | Killed a scorpion
   706 | D:5      | Reached skill level 1 in Dodging
   706 | D:5      | Reached XP level 6. HP: 39/55 MP: 6/6
   821 | D:5      | Reached skill level 4 in Armour
   854 | D:5      | Found an opulent altar of Gozag.
   860 | D:5      | Got a translucent mace
   861 | D:5      | Identified the +0 mace of Springtime {holy, rElec rN+} (You found it on level 5 of the Dungeon)
   884 | D:5      | Found an ancient bone altar of Kikubaaqudgha.
   885 | D:5      | Noticed an ice beast
   892 | D:5      | Killed an ice beast
   892 | D:5      | Reached skill level 7 in Axes
   892 | D:5      | Reached skill level 2 in Dodging
   958 | D:5      | Noticed a phantom
   978 | D:5      | Killed a phantom
   978 | D:5      | Reached XP level 7. HP: 38/61 MP: 7/7
  1151 | D:7      | HP: 6/61 [wight/enchanted morningstar (9)]
  1158 | D:7      | Reached skill level 5 in Armour
  1158 | D:7      | Reached skill level 3 in Dodging
  1202 | D:7      | Found a flagged portal.
  1207 | Bailey   | Entered a bailey
  1218 | Bailey   | Noticed a deep elf fighter
  1239 | Bailey   | Killed a deep elf fighter
  1249 | Bailey   | Noticed a deep elf priest
  1249 | Bailey   | Noticed a deep elf priest
  1252 | Bailey   | Noticed a deep elf fighter
  1263 | Bailey   | Noticed a deep elf mage
  1263 | Bailey   | Noticed a deep elf mage
  1263 | Bailey   | Noticed a deep elf mage
  1263 | Bailey   | Noticed a deep elf priest
  1263 | Bailey   | Noticed a deep elf mage
  1268 | Bailey   | Killed a deep elf mage
  1268 | Bailey   | Reached skill level 4 in Dodging
  1268 | Bailey   | HP: 5/61 [deep elf priest/long sword (2)]
  1270 | Bailey   | Killed from afar by a deep elf mage

Vanquished Creatures
  A deep elf fighter (Bailey)
  An ice beast (D:5)
  An ogre (D:4)
  A phantom (D:5)
  A scorpion (D:4)
  3 wights (D:7)
  2 crimson imps
  A hound (D:5)
  3 worker ants
  A hound skeleton (D:5)
  A worker ant zombie (D:5)
  3 adders
  4 gnolls (D:3)
  A worm (D:5)
  An adder skeleton (D:4)
  3 giant geckos
  An ooze (D:1)
  2 orcs (D:4)
  3 bats
  A giant cockroach (D:1)
  5 hobgoblins
  A ball python (D:4)
  A giant gecko skeleton (D:4)
  2 giant newts (D:5)
  A giant spore (D:7)
  10 goblins
  7 kobolds
  A quokka (D:2)
  3 rats
  A ballistomycete (D:7)
67 creatures vanquished.

Vanquished Creatures (others)
  A deep elf mage (Bailey)
  2 wights (D:7)
3 creatures vanquished.

Grand Total: 70 creatures vanquished
